 Dungeon Crawl Stone Soup version 0.28.0-45-g0d030f2227 (webtiles) character file.

Game seed: 4264098536251640406

105 101zpm the Shield-Bearer (level 4, 0/29 HPs)
             Began as a Gargoyle Fighter on Apr 8, 2022.
             Slain by an iguana (7 damage)
             ... on level 3 of the Dungeon.
             The game lasted 00:01:44 (1086 turns).

101zpm the Shield-Bearer (Gargoyle Fighter)         Turns: 1086, Time: 00:01:45

Health: 0/29       AC: 10    Str: 22    XL:     4   Next: 81%
Magic:  4/4        EV:  9    Int:  8    God:
Gold:   62         SH:  4    Dex:  9    Spells: 3/3 levels left

rFire   . . .      SeeInvis .   a - +0 flail
rCold   . . .      Faith    .   c - +0 buckler
rNeg    + . .      Spirit   .   b - +0 scale mail
rPois   ∞          Reflect  .   (no helmet)
rElec   +          Harm     .   (no cloak)
rCorr   .          Rampage  .   (no gloves)
Will    .....                   (no boots)
Stlth   ..........              (no amulet)
HPRegen 0.09/turn               (no ring)
MPRegen 0.09/turn               (no ring)

@: no status effects
A: sickness immunity, AC +3, negative energy resistance 1, electricity
resistance, torment resistance 1, petrification resistance
a: no special abilities


You were on level 3 of the Dungeon.
You visited 1 branch of the dungeon, and saw 4 of its levels.

You collected 62 gold pieces.

Inventory:

Hand Weapons
 a - a +0 flail (weapon)
Armour
 b - a +0 scale mail (worn)
 c - a +0 buckler (worn)
Potions
 d - a potion of might
 e - a potion of invisibility {unknown}


   Skills:
 + Level 3.9 Fighting
 + Level 3.0 Maces & Flails
 + Level 3.9 Armour
 + Level 0.6 Dodging
 + Level 4.0 Shields


You had 3 spell levels left.
You didn't know any spells.
Your spell library was empty.

Dungeon Overview and Level Annotations

Branches:
Dungeon (4/15)
 Temple: D:4-7

Altars:


Innate Abilities, Weirdness & Mutations

You are immune to sickness and miasma.
Your stone body is resilient. (AC +3)
You are immune to poison.
You resist negative energy. (rN+)
You are resistant to electric shocks. (rElec)
You are resistant to unholy torment.
You are immune to petrification.


Message History

You sock the jackal!
You kill the jackal!
The adder bites you.
You hit the adder.
The adder is moderately wounded.
The adder bites you but does no damage. x2
You sock the adder!
You kill the adder!
The jackal bites you but does no damage.
Your Shields skill increases to level 4!
You miss the jackal. The jackal barely misses you.
The jackal closely misses you.
You thump the jackal!
You kill the jackal!
The iguana bites you.
You barely miss the iguana. You block the iguana's attack.
You hit the iguana.
The iguana is lightly wounded.
The iguana bites you but does no damage.
You barely miss the iguana.
The iguana is lightly wounded.
You block the iguana's attack.
You hit the iguana.
The iguana is moderately wounded.
The iguana bites you! The iguana barely misses you.
You hit the iguana.
The iguana is moderately wounded.
You block the iguana's attack.
You sock the iguana!
The iguana is almost dead.
The iguana closely misses you.
You hit the iguana but do no damage.
The iguana is almost dead.
The iguana bites you!
* * * LOW HITPOINT WARNING * * *
The iguana completely misses you.
You hit the iguana.
The iguana is almost dead.
The iguana bites you!
You die...

#.........# ####.######
####.###### #.........#
#..#..###.#
#.....###.##### #.
##..............
#...####......###.####.
#...@l......###.# #.
#...####..........####.
#. ##....######....
##.#+# #.##. ##.. # #.
.... #. .....# #. .....
#.. .... ....


You could see an iguana.

Vanquished Creatures
  A scorpion (D:3)
  An adder (D:3)
  An adder skeleton (D:4)
  A dart slug (D:4)
  2 orcs
  3 endoplasms
  A giant cockroach (D:3)
  2 goblins
  A hobgoblin (D:1)
  8 jackals
  A kobold (D:2)
  3 ball pythons
25 creatures vanquished.

Notes
Turn   | Place    | Note
-------+----------+-------------------------------------------
     0 | D:1      | 101zpm the Gargoyle Fighter began the quest for the Orb.
     0 | D:1      | Reached XP level 1. HP: 14/14 MP: 1/1
   160 | D:1      | Reached XP level 2. HP: 17/19 MP: 2/2
   754 | D:4      | Reached XP level 3. HP: 24/24 MP: 3/3
   778 | D:4      | Noticed a scorpion
   811 | D:3      | Killed a scorpion
   812 | D:3      | Reached XP level 4. HP: 9/29 MP: 4/4
  1077 | D:3      | Reached skill level 4 in Shields
  1086 | D:3      | Slain by an iguana

Illustrated notes

Levels and vault maps discovered:
D:1:      giann_wishing_wells, layout_basic,
          hellmonk_ecumenical_altar_crossroads, kennysheep_another_room
D:2:      layout_basic, minmay_circle_x
D:3:      layout_loops_corners, solitary_fountain, serial_bayou_pond_b
D:4:      layout_layer_cave, minmay_manual_monolith, uniq_pikel

Skill      XL: |  1  2  3  4 |
---------------+-------------+-----
Maces & Flails | 3 |  3.0
Shields        | 4 |  4.0
Fighting       | |  3.9
Armour         | |  3.9
Dodging        | |  0.6

Action                   |  1- 3 |  4- 6 || total
-------------------------+-------+-------++-------
Melee: Flail             |    70 |    29 ||    99
Armor: Scale mail        |    39 |    12 ||    51
Dodge: Dodged            |    33 |    20 ||    53
Block: Buckler           |    22 |    12 ||    34
